 Dungeon Crawl Stone Soup version 0.28-a0-793-g31680bbd8b (webtiles) character file.

Game seed: 8204439368403691663

476 kae the Ruffian (level 6, -6/51 HPs)
             Began as a Draconian Transmuter on Nov 3, 2021.
             Was an Initiate of Ru.
             Mangled by a water moccasin (8 damage)
             ... on level 4 of the Dungeon.
             The game lasted 00:04:00 (4834 turns).

kae the Ruffian (Draconian Transmuter)              Turns: 4834, Time: 00:04:01

Health: -6/51      AC:  2    Str: 12    XL:     6   Next: 85%
Magic:  5/10       EV: 19    Int: 16    God:    Ru [......]
Gold:   116        SH:  0    Dex: 16    Spells: 3/11 levels left

rFire   . . .      SeeInvis .     - Unarmed
rCold   . . .      Faith    .   (shield currently unavailable)
rNeg    . . .      Spirit   .   (armour unavailable)
rPois   x          Reflect  .   (helmet currently unavailable)
rElec   .          Harm     .   (cloak currently unavailable)
rCorr   .          Rampage  .   (gloves currently unavailable)
Will    +....                   (boots currently unavailable)
Stlth   +.........              m - amulet of the acrobat
HPRegen 0.17/turn               a - ring of flight
MPRegen 0.12/turn               i - ring of willpower

@: lethally poisoned (-6 -> -31), spider-form (expiring), flying, very slightly
contaminated
A: venomous fangs, AC +6, tiny, unfitting armour, (cold-blooded)
a: End Transformation, Renounce Religion


You were on level 4 of the Dungeon.
You worshipped Ru.
Ru was noncommittal.
You were a venomous arachnid creature.
You visited 1 branch of the dungeon, and saw 4 of its levels.

You collected 168 gold pieces.
You spent 52 gold pieces at shops.

Inventory:

Jewellery
 a - a ring of flight (left front leg)
 i - a ring of willpower (right front leg)
 k - a ring of willpower
 m - an amulet of the acrobat (around neck)
Scrolls
 b - a scroll of magic mapping
 h - a scroll of teleportation
 j - a scroll of fog
 l - a scroll of enchant weapon
Potions
 c - 3 potions of heal wounds {unknown}
 d - a potion of brilliance {unknown}
 e - a potion of resistance {unknown}
 f - a potion of curing
 g - a potion of degeneration


   Skills:
 + Level 3.3 Fighting
 - Level 1.8 Dodging
 * Level 5.2 Unarmed Combat
 + Level 3.3 Spellcasting
 + Level 3.5 Transmutations
 * Level 1.3 Ice Magic
 * Level 1.3 Poison Magic


You had 3 spell levels left.
You knew the following spells:

 Your Spells              Type           Power      Damage    Failure   Level
a - Beastly Appendage     Tmut           26%        N/A       13%         1
b - Spider Form           Tmut/Pois      10%        N/A       41%         3
c - Ice Form              Ice/Tmut       10%        N/A       77%         4

Your spell library contained the following spells:

 Spells                   Type           Power      Damage    Failure   Level
 Wereblood                Tmut           13%        N/A       17%         2
 Sublimation of Blood     Necr           2%         N/A       50%         2
 Summon Hydra             Summ           1%         N/A       100%        7


Dungeon Overview and Level Annotations

Branches:
Dungeon (4/15)
 Temple: D:4-7

Altars:
Ru

Shops:
D:1 !   D:4 *

Annotations:
D:4 Sigmund


Innate Abilities, Weirdness & Mutations

You are a venomous arachnid creature.
You have poisonous fangs.
You are tiny and dextrous.
Your spellcasting is less reliable in this form.
Your armour is entirely melded.
You are incapable of wielding weapons or throwing items.
((Your plain brown scales are hard. (AC +6)))
You cannot fit into any form of body armour.
((You are cold-blooded and may be slowed by cold attacks.))


Message History

The water moccasin hisses angrily.
Casting: Spider Form (dangerous; 21% risk of failure)
Confirm with . or Enter, or press ? or * to list all spells.
You turn into a venomous arachnid creature.
The water moccasin completely misses you.
You bite the water moccasin!
The water moccasin is moderately wounded.
The water moccasin bites you.
You are poisoned.
The water moccasin poisons you!
You bite the water moccasin!
The water moccasin is poisoned.
The water moccasin is heavily wounded.
You feel very sick. The water moccasin misses you.
You closely miss the water moccasin.
The water moccasin is heavily wounded.
You feel very sick. The water moccasin bites you.
You are too injured to fight recklessly!
You are too injured to fight recklessly!
You are too injured to fight recklessly!
You closely miss the water moccasin.
The water moccasin is severely wounded.
You feel very sick. The water moccasin bites you!
You are lethally poisoned!
The water moccasin poisons you! The water moccasin bites you.
You hit the water moccasin but do no damage.
The water moccasin is severely wounded.
Your transformation is almost over.
* * * LOW HITPOINT WARNING * * *
You feel extremely sick. The water moccasin barely misses you.
You hit the water moccasin.
The water moccasin looks as sick as possible!
The water moccasin is almost dead.
* * * LOW HITPOINT WARNING * * *
You feel very sick. The water moccasin bites you!
You die...

#.....##†.#....##...
#.....#...#....'....
#.....#...#....#....
#.....#...#....#....
#..##.###.###..##...
#..######.###..#####
#...................
#...................
#..sS...............
#...................
#..#.)..#.###..##...
#############..##.).
#.y..##...
#.........
#...)...<.
#.........
#########...##...


You could see a water moccasin (extremely poisoned).

Vanquished Creatures
  A black bear (D:4)
  An ogre (D:4)
  3 killer bees
  Terence (D:2)
  2 orc wizards (D:4)
  2 adders (D:3)
  A shadow imp (D:4)
  2 adder skeletons (D:4)
  2 dart slugs
  2 orcs (D:4)
  3 endoplasms
  A giant cockroach (D:1)
  4 goblins
  5 hobgoblins
  9 kobolds
  2 quokkas (D:1)
  7 ball pythons
  4 bats
  A frilled lizard (D:2)
  6 rats
59 creatures vanquished.

Notes
Turn   | Place    | Note
-------+----------+-------------------------------------------
     0 | D:1      | kae the Draconian Transmuter began the quest for the Orb.
     0 | D:1      | Reached XP level 1. HP: 16/16 MP: 3/3
   201 | D:1      | Found a faded altar of an unknown god.
   432 | D:1      | Reached XP level 2. HP: 19/23 MP: 5/5
  1101 | D:1      | Found Siwkuame's Distillery.
  1107 | D:1      | Bought a potion of curing for 39 gold pieces
  1107 | D:1      | Bought a potion of degeneration for 13 gold pieces
  1404 | D:2      | Noticed Terence
  1547 | D:2      | Reached XP level 3. HP: 29/29 MP: 4/6
  1551 | D:2      | Learned a level 3 spell: Spider Form
  1895 | D:3      | Found a sacrificial altar of Ru.
  2305 | D:3      | Became a worshipper of Ru the Awakened
  2417 | D:3      | Reached XP level 4. HP: 29/36 MP: 7/7
  2682 | D:2      | Killed Terence
  2683 | D:2      | Reached skill level 4 in Unarmed Combat
  3073 | D:4      | Reached XP level 5. HP: 4/42 MP: 5/9
  3554 | D:4      | Noticed an ogre
  3574 | D:4      | Killed an ogre
  3866 | D:3      | Reached XP level 6. HP: 48/51 MP: 3/10
  3952 | D:4      | Learned a level 4 spell: Ice Form
  3988 | D:4      | Reached skill level 5 in Unarmed Combat
  4136 | D:4      | Reached skill level 1 in Ice Magic
  4136 | D:4      | Reached skill level 1 in Poison Magic
  4249 | D:4      | Noticed Sigmund
  4330 | D:4      | Found Buxuff's Serpentskin Sales.
  4330 | D:4      | Noticed a water moccasin
  4330 | D:4      | Noticed a water moccasin
  4834 | D:4      | HP: 2/51 [poisoned by a water moccasin]
  4834 | D:4      | Mangled by a water moccasin

Illustrated notes

Levels and vault maps discovered:
D:1:      minmay_arrival_plants_in_alcoves, layout_basic,
          basic_ecumenical_altar, serial_aquarium, aquarium_bridge_square
          [aquarium_subvault_window, aquarium_subvault_bridge,
          aquarium_subvault_bridge, aquarium_subvault_balcony],
          aquarium_window_1, aquarium_window_2, aquarium_view_2d,
          aquarium_view_2g, aquarium_pool_2, serial_shops, nicolae_shop_crystal,
          amcnicky_mini_rare_corridor_liquid, chequers_serial_rivers_micro_d
D:2:      layout_loops_ring, uniq_terence
D:3:      layout_rooms, mainiacjoe_overflow_catwalk, serial_park_tiny_1
D:4:      layout_gridville, minmay_temple_entry_water_ring, guppyfry_shop_venom,
          uniq_sigmund, uniq_blork_the_orc

Skill      XL: |  1  2  3  4  5  6 |
---------------+-------------------+-----
Fighting       | 2 3 |  3.3
Unarmed Combat | 4 5 |  5.2
Spellcasting   | 3 |  3.3
Transmutations | 3 |  3.5
Ice Magic      | 1 |  1.3
Poison Magic   | 1 |  1.3
Dodging        | |  1.8

Action                   |  1- 3 |  4- 6 || total
-------------------------+-------+-------++-------
Melee: Unarmed           |   114 |   100 ||   214
       Kick              |    20 |     7 ||    27
       Tailslap          |     8 |     8 ||    16
       Headbutt          |    10 |     7 ||    17
 Cast: Beastly Appendage |    29 |     8 ||    37
       Spider Form       |       |     8 ||     8
  Use: Scroll            |     4 |     5 ||     9
       Potion            |     1 |     1 ||     2
Armor: Skin              |    45 |    27 ||    72
Dodge: Dodged            |    94 |    85 ||   179

Table legend: (Time is in decaauts)
 A = Elapsed time spent in this place.
 B = Non-inter-level travel time spent in this place.
 C = Inter-level travel time spent in this place.
 D = Time resting spent in this place.
 E = Time spent auto-exploring this place.
 F = Levels seen in this place.
 G = Mean time per level.
                   A        B        C        D        E       F      G
               +--------+--------+--------+--------+--------+-----+--------+
         Total |   4823 |   4681 |    142 |   1061 |   2962 |   4 | 1205.8 |
       Dungeon |   4823 |   4681 |    142 |   1061 |   2962 |   4 | 1205.8 |
               +--------+--------+--------+--------+--------+-----+--------+

Top non-repeatable levels by time:
     D:3: 1617 daAuts
     D:4: 1289 daAuts
     D:1: 1255 daAuts
     D:2: 661 daAuts
